 Dungeon Crawl Stone Soup version 0.27-a0-1434-g6f15984924 (webtiles) character file.

Game seed: 2849984268200728223

109 Gwenloh the Chopper (level 4, -3/36 HPs)
             Began as a Palentonga Warper on July 3, 2021.
             Slain by a scorpion (7 damage)
             ... on level 4 of the Dungeon.
             The game lasted 00:06:56 (1884 turns).

Gwenloh the Chopper (Palentonga Warper)             Turns: 1884, Time: 00:06:56

Health: -3/36      AC:  4    Str: 12 (15) XL:     4   Next: 59%
Magic:  7/7        EV:  9    Int: 12 (13) God:
Gold:   18         SH:  0    Dex:  8 (10) Spells: 5/7 levels left

rFire    . . .     SeeInvis +   a - +0 hand axe
rCold    . . .     Faith    .   (no shield)
rNeg     . . .     Spirit   .   m - +0 leather armour
rPois    .         Reflect  .   (no helmet)
rElec    .         Harm     .   (no cloak)
rCorr    .         Rampage  .   (no gloves)
Will     .....                  (no barding)
Stlth    +.........             (no amulet)
HPRegen  0.12/turn              i - ring of wizardry
MPRegen  0.10/turn              (no ring)

@: lethally poisoned (-3 -> -6), attractive
A: large, rugged brown scales 3, see invisible, deformed body, roll 1, armoured
tail
a: Rolling Charge


You were on level 4 of the Dungeon.
You visited 1 branch of the dungeon, and saw 3 of its levels.

You collected 18 gold pieces.

Inventory:

Hand Weapons
 a - a +0 hand axe (weapon)
 b - a +0 hunting sling
Missiles
 d - 5 boomerangs of dispersal
 k - 46 stones (quivered)
Armour
 m - a +0 leather armour (worn)
Jewellery
 i - a ring of wizardry (left hand)
Scrolls
 c - a scroll of blinking
 j - a scroll of teleportation {unknown}
Potions
 g - a potion of attraction


   Skills:
 + Level 2.8 Fighting
 * Level 3.6 Axes
 - Level 0.6 Throwing
 + Level 1.7 Armour
 - Level 1.5 Dodging
 - Level 2.0 Spellcasting
 + Level 3.2 Translocations


You had 5 spell levels left.
You knew the following spells:

 Your Spells              Type           Power      Damage    Failure   Level
a - Blink                 Tloc           N/A        N/A       6%          2

Your spell library contained the following spells:

 Spells                   Type           Power      Damage    Failure   Level
 Gell's Gravitas          Tloc           4%         N/A       11%         3
 Lesser Beckoning         Tloc           4%         N/A       11%         3
 Teleport Other           Tloc           9%         N/A       11%         3
 Manifold Assault         Tloc           9%         N/A       65%         5


Dungeon Overview and Level Annotations

Branches:
Dungeon (2/15)

Altars:


Innate Abilities, Weirdness & Mutations

You are completely covered in rugged brown scales. (AC +3, +7% HP)
You have supernaturally acute eyesight. (SInv)
Armour fits poorly on your strangely shaped body.
You can roll at nearby foes to attack.
You have a long armoured tail.


Message History

You closely miss the scorpion.
The scorpion is almost dead.
The scorpion stings you but does no damage. x2
You hit the scorpion but do no damage.
The scorpion is severely wounded.
The scorpion stings you but does no damage.
You barely miss the scorpion.
The scorpion is severely wounded.
The scorpion stings you but does no damage.
The scorpion stings you.
You are poisoned.
The scorpion poisons you!
You hit the scorpion.
The scorpion is almost dead.
You feel very sick. The scorpion stings you.
* * * LOW HITPOINT WARNING * * *
You barely miss the scorpion.
The scorpion is almost dead.
You feel sick.
The scorpion stings you but does no damage.
You hit the scorpion.
You kill the scorpion!
You feel less wooden.
Your +0 leather armour unmelds from your body.
* * * LOW HITPOINT WARNING * * *
You feel sick.
A giant cockroach comes into view.
You have reached level 4!
You feel stronger.
Okay, then.
It was a potion of degeneration.
There was something very wrong with that liquid.
You feel weakened.
You feel dopey.
You feel clumsy.
* * * LOW HITPOINT WARNING * * *
You feel sick.
It was a potion of magic.
Magic courses through your body.
* * * LOW HITPOINT WARNING * * *
You feel sick. The scorpion stings you!
You die...

........[.....#
..............#
.#####........#
...####.#.#####
.#......#.#
......#.Bo##
...o....ZZS#
##....#..#s#
#......##@#
#.####..##.# .#
#..##.# #..##..
#..###. #.## .#
.. #.


You could see a scorpion, an adder, an orc, a giant cockroach and a hound
skeleton.

Vanquished Creatures
  A scorpion (D:4)
  2 worms (D:2)
  5 bats
  4 endoplasms
  A giant cockroach (D:2)
  4 goblins
  4 hobgoblins (D:1)
  7 jackals (D:1)
  5 ball pythons
  A frilled lizard (D:1)
  2 kobolds (D:1)
  5 rats
41 creatures vanquished.

Notes
Turn   | Place    | Note
-------+----------+-------------------------------------------
     0 | D:1      | Gwenloh the Palentonga Warper began the quest for the Orb.
     0 | D:1      | Reached XP level 1. HP: 17/17 MP: 3/3
    34 | D:1      | Reached skill level 1 in Armour
    39 | D:1      | Reached XP level 2. HP: 17/23 MP: 5/5
   677 | D:1      | Reached XP level 3. HP: 13/29 MP: 6/6
   991 | D:1      | Learned a level 2 spell: Blink
  1840 | D:2      | You fall into a shaft and drop 2 floors!
  1841 | D:4      | Noticed a scorpion
  1848 | D:4      | Noticed a scorpion
  1851 | D:4      | Noticed a scorpion
  1882 | D:4      | Killed a scorpion
  1883 | D:4      | Reached XP level 4. HP: 6/36 MP: 7/7
  1884 | D:4      | Slain by a scorpion

Illustrated notes

Levels and vault maps discovered:
D:1:      tarquinn_simple_flora_water_d, layout_basic
D:2:      layout_basic
D:4:      minmay_chambers_of_twos, layout_rooms, minmay_temple_entry_waves,
          minmay_vboxes

Skill      XL: |  1  2  3 |
---------------+----------+-----
Armour         | 1 |  1.7
Axes           | 3 |  3.6
Fighting       | |  2.8
Throwing       | |  0.6
Dodging        | |  1.5
Spellcasting   | |  2.0
Translocations | |  3.2

Action                   |  1- 3 |  4- 6 || total
-------------------------+-------+-------++-------
Melee: Hand axe          |   132 |       ||   132
       Tailslap          |    10 |       ||    10
Throw: Stone             |     1 |       ||     1
 Cast: Blink             |     1 |       ||     1
 Abil: Rolling Charge    |    32 |       ||    32
  Use: Potion            |     3 |     2 ||     5
Armor: Leather armour    |    36 |       ||    36
       Skin              |    24 |       ||    24
Dodge: Dodged            |    53 |       ||    53

Table legend: (Time is in decaauts)
 A = Elapsed time spent in this place.
 B = Non-inter-level travel time spent in this place.
 C = Inter-level travel time spent in this place.
 D = Time resting spent in this place.
 E = Time spent auto-exploring this place.
 F = Levels seen in this place.
 G = Mean time per level.
                   A        B        C        D        E       F      G
               +--------+--------+--------+--------+--------+-----+--------+
         Total |   1903 |   1878 |     25 |    349 |   1209 |   3 |  634.3 |
       Dungeon |   1903 |   1878 |     25 |    349 |   1209 |   3 |  634.3 |
               +--------+--------+--------+--------+--------+-----+--------+

Top non-repeatable levels by time:
     D:1: 1143 daAuts
     D:2: 714 daAuts
     D:4: 46 daAuts
